 Dungeon Crawl Stone Soup version 0.20.1-1-g8b1a95d (console) character file.

11514 hilaritas the Grappler (level 11, -6/109 HPs)
             Began as a Troll Fighter on Nov 24, 2017.
             Was the Champion of Uskayaw.
             Mangled by an orc warrior
             ... wielding a +0 halberd
              (18 damage)
             ... on level 9 of the Dungeon.
             The game lasted 00:19:21 (7531 turns).

hilaritas the Grappler (Troll Fighter)              Turns: 7531, Time: 00:19:22

Health: -6/109     AC:  5    Str: 27    XL:     11   Next: 50%
Magic:  8/13       EV: 10    Int:  6    God:    Uskayaw [******]
Gold:   419        SH: 12    Dex:  9    Spells: 10/10 levels left

rFire    . . .     SeeInvis .     - Unarmed
rCold    . . .     Gourm    +   b - +1 shield
rNeg     . . .     Faith    +   a - +0 robe
rPois    .         Spirit   .   (helmet restricted)
rElec    .         Reflect  .   J - scarf {repulsion}
rCorr    .         Harm     .   (gloves unavailable)
MR       .....                  (boots unavailable)
Stlth    +.........             e - amulet of faith
Regen    0.7/turn               (no ring)
MPRegen  0.2/turn               (no ring)

@: repel missiles
A: unfitting armour, claws 3, fast metabolism 3, gourmand, regeneration 1,
shaggy fur 1, tough skin 2
a: Stomp, Line Pass, Grand Finale, Renounce Religion


You were on level 9 of the Dungeon.
You worshipped Uskayaw.
Uskayaw was noncommittal.
You were not hungry.

You visited 1 branch of the dungeon, and saw 11 of its levels.

You collected 560 gold pieces.
You spent 141 gold pieces at shops.

Inventory:

Hand Weapons
 H - a +1 falchion of flaming
Armour
 a - a +0 robe (worn)
 b - a +1 shield (worn)
 p - a +0 cloak
 J - a scarf of repulsion (worn)
Jewellery
 e - an amulet of faith (around neck)
 g - an uncursed ring of wizardry
 K - an uncursed ring of ice
Wands
 E - a wand of paralysis (15/24)
 I - a wand of flame (19/48)
Scrolls
 h - 3 scrolls of fear
 i - 2 scrolls of teleportation
 j - 5 scrolls of identify
 l - a scroll of recharging
 n - 2 scrolls of amnesia
 o - 4 scrolls of remove curse
 r - a scroll of blinking
 x - a scroll of magic mapping
 y - a scroll of enchant weapon
 G - 3 scrolls of enchant armour
Potions
 c - 2 potions of might
 k - 5 potions of heal wounds {unknown}
 m - 2 potions of berserk rage
 q - 2 potions of degeneration {unknown}
 s - 4 potions of curing {unknown}
 t - a potion of invisibility {unknown}
 u - a potion of brilliance {unknown}
 v - 2 potions of cancellation {unknown}
 w - a potion of lignification {unknown}
 z - a potion of agility
 A - a potion of mutation {unknown}
 B - 2 potions of haste {unknown}
 C - 2 potions of flight {unknown}
Comestibles
 d - 8 bread rations
 f - 17 fruits
 D - 8 royal jellies
 F - 4 meat rations


   Skills:
 * Level 7.4 Fighting
 * Level 5.6 Armour
 - Level 2.4 Dodging
 + Level 8.7 Shields
 - Level 10.1 Unarmed Combat
 * Level 4.9 Invocations


You had 10 spell levels left.
You didn't know any spells.

Dungeon Overview and Level Annotations

Branches:
Dungeon (11/15)            Temple (0/1) D:7
   Lair: D:8-11         Orc: D:9-12

Altars:
Dithmenos
Elyvilon
Fedhas
Kikubaaqudgha
Nemelex Xobeh
Qazlal
Uskayaw
Yredelemnul
The Shining One

Shops:
D:5 }   D:8 %   D:9 *


Innate Abilities, Weirdness & Mutations

You are too large for most types of armour.
You have claws for hands.
Your metabolism is lightning-fast.
You like to eat raw meat.
Your natural rate of healing is unusually fast.
You are covered in fur. (AC +1)
You have very tough skin. (AC +2)


Message History

You mangle the wolf!!
You kill the wolf!
You block the orc warrior's attack.
The orc completely misses the fungus.
You see here 2 tomahawks.
You see here a tomahawk.
You scratch the orc warrior but do no damage.
The orc warrior hits you with a halberd!
* * * LOW HITPOINT WARNING * * *
You claw the orc warrior!
The orc warrior is moderately wounded.
The orc warrior hits you with a halberd!
* * * LOW HITPOINT WARNING * * *
You stomp with the beat, sending a shockwave through the revelers around you!
The orc warrior is severely wounded.
You feel somewhat more hungry.
The orc hits the fungus with a trident.
The fungus is destroyed!
You barely miss the orc warrior.
The orc warrior is severely wounded.
The orc warrior hits you with a halberd!!
You die...

############
##############.>........#
....................PP..#
#.....########.......P.P#
......# ##...#PP_PP#
#.....# ##.###.P.PP#
#.....# #((@ooo.PP.#
###.### #.....###oo....#
#.## #.###.# #.###### #
#..# ...


.og # ##.### #####8o8# # #.#.# o.ho. ####.#.# .ohoh.# #.)....# o.⌠..(# ..####.#
..h....# ..# #.# ..####.# #### You could see an orc warrior, an orc priest and 3
orcs.

Vanquished Creatures
  A hydra (D:8)
  A two-headed ogre (D:9)
  A skeletal warrior (D:9)
  A necromancer (D:9)
  A manticore (D:11)
  A troll (D:9)
  2 dream sheep (D:8)
  3 hippogriffs
  2 shadows (D:9)
  4 flying skulls (D:9)
  4 wraiths (D:9)
  6 yaks
  Grum (D:9)
  The ghost of hilaritas the Firebug, an amateur DgFE (D:4)
  Menkaure (D:5)
  Edmund (D:6)
  8 orc warriors
  2 ice beasts (D:5)
  A necrophage (D:8)
  2 ogres
  4 phantoms
  A wolf (D:9)
  8 centaurs
  4 big kobolds
  4 bullfrogs
  4 scorpions
  A water moccasin skeleton (D:9)
  6 wights (D:9)
  3 howler monkeys
  3 electric eels (D:6)
  4 crimson imps
  3 jellies
  2 centaur zombies (D:6)
  4 hounds
  2 bullfrog skeletons
  A gnoll shaman (D:9)
  5 orc priests
  2 centaur skeletons
  4 iguanas
  3 orc wizards
  2 worker ants
  A killer bee zombie (D:9)
  A hound zombie (D:9)
  2 hound skeletons (D:9)
  3 worker ant zombies
  3 gnolls (D:9)
  11 adders
  3 shadow imps
  An ooze (D:2)
  4 adder zombies
  5 adder skeletons
  5 worms
  2 dart slugs
  4 leopard geckos
  32 orcs
  7 giant cockroaches
  11 goblins
  5 hobgoblins
  7 jackals
  6 quokkas
  A ball python skeleton (D:4)
  9 bats
  5 frilled lizards
  2 gnoll zombies (D:5)
  A jackal skeleton (D:4)
  12 kobolds
  A quokka skeleton (D:6)
  9 rats
267 creatures vanquished.

Vanquished Creatures (others)
  2 fungi (D:9)
2 creatures vanquished.

Grand Total: 269 creatures vanquished

Notes
Turn   | Place    | Note
-------+----------+-------------------------------------------
     0 | D:1      | hilaritas the Troll Fighter began the quest for the Orb.
     0 | D:1      | Reached XP level 1. HP: 22/22 MP: 0/0
   289 | D:1      | Reached XP level 2. HP: 29/29 MP: 1/1
   881 | D:2      | Reached XP level 3. HP: 36/36 MP: 2/2
  1105 | D:2      | Reached skill level 3 in Unarmed Combat
  1380 | D:2      | Reached XP level 4. HP: 44/44 MP: 3/3
  2226 | D:4      | Reached skill level 4 in Unarmed Combat
  2320 | D:4      | Found a stormy altar of Qazlal.
  2378 | D:4      | Noticed a phantom
  2408 | D:4      | Killed a phantom
  2408 | D:4      | Reached XP level 5. HP: 43/52 MP: 4/4
  2493 | D:4      | Noticed hilaritas's ghost (amateur DgFE)
  2510 | D:4      | Killed hilaritas's ghost
  2510 | D:4      | Reached skill level 5 in Unarmed Combat
  2510 | D:4      | Reached XP level 6. HP: 55/61 MP: 5/5
  3015 | D:5      | Entered Level 5 of the Dungeon
  3019 | D:5      | Reached skill level 6 in Unarmed Combat
  3047 | D:5      | Reached XP level 7. HP: 67/67 MP: 6/6
  3087 | D:5      | Found a glowing golden altar of the Shining One.
  3135 | D:5      | Found Ecraeco's Gadget Shop.
  3174 | D:5      | Noticed Menkaure
  3181 | D:5      | Killed Menkaure
  3181 | D:5      | Reached skill level 7 in Unarmed Combat
  3500 | D:5      | Found a basalt altar of Yredelemnul.
  3563 | D:5      | Reached skill level 8 in Unarmed Combat
  3563 | D:5      | Reached XP level 8. HP: 56/75 MP: 7/7
  3754 | D:6      | Found a sparkling altar of Nemelex Xobeh.
  3883 | D:6      | Noticed Edmund
  3888 | D:6      | Reached skill level 9 in Unarmed Combat
  3900 | D:6      | Killed Edmund
  3945 | D:6      | Noticed a hippogriff
  3955 | D:6      | Killed a hippogriff
  3955 | D:6      | Reached skill level 10 in Unarmed Combat
  4172 | D:6      | Reached skill level 1 in Armour
  4179 | D:6      | Reached XP level 9. HP: 84/84 MP: 8/8
  4775 | D:7      | Found a white marble altar of Elyvilon.
  4777 | D:7      | Found an ancient bone altar of Kikubaaqudgha.
  4786 | D:7      | Found a hide-covered altar of Uskayaw.
  4789 | D:7      | Found a shadowy altar of Dithmenos.
  4791 | D:7      | Reached skill level 5 in Shields
  4797 | D:7      | Became a worshipper of Uskayaw the Reveler
  4876 | D:7      | Reached * piety under Uskayaw
  4932 | D:7      | Found a staircase to the Ecumenical Temple.
  4936 | D:7      | Reached ** piety under Uskayaw
  4988 | D:7      | Reached skill level 1 in Invocations
  5097 | D:7      | Reached *** piety under Uskayaw
  5278 | D:7      | Reached skill level 5 in Fighting
  5361 | D:8      | Reached **** piety under Uskayaw
  5366 | D:8      | Reached ***** piety under Uskayaw
  5408 | D:8      | Noticed a three-headed hydra
  5416 | D:8      | Killed a one-headed hydra
  5416 | D:8      | Reached XP level 10. HP: 71/98 MP: 9/11
  5521 | D:8      | Found Eriusm's Food Boutique.
  6130 | D:8      | You fall through a shaft for 3 floors!
  6140 | D:11     | Noticed a manticore
  6150 | D:11     | Killed a manticore
  6309 | D:10     | Entered Level 10 of the Dungeon
  6329 | D:9      | Found Layzyps's Assorted Antiques.
  6385 | D:9      | Reached ****** piety under Uskayaw
  6515 | D:9      | Noticed a two-headed ogre
  6538 | D:9      | Reached skill level 5 in Armour
  6549 | D:9      | Killed a two-headed ogre
  6554 | D:9      | Reached XP level 11. HP: 17/107 MP: 8/13
  6859 | D:9      | Bought an emerald ring for 120 gold pieces
  6859 | D:9      | Bought a coppery potion for 21 gold pieces
  6947 | D:9      | Identified a scroll of acquirement
  7100 | D:9      | Noticed a necromancer
  7104 | D:9      | Killed a necromancer
  7185 | D:9      | Noticed a skeletal warrior
  7220 | D:9      | Killed a skeletal warrior
  7468 | D:9      | Found a blossoming altar of Fedhas.
  7475 | D:9      | Noticed Grum
  7522 | D:9      | Killed Grum
  7531 | D:9      | Mangled by an orc warrior

Skill      XL: |  1  2  3  4  5  6  7  8  9 10 11 |
---------------+----------------------------------+-----
Unarmed Combat | 3 4 5 6 8 10 | 10.1
Shields        | 3 4 6 7 8 |  8.7
Fighting       | 3 5 6 7 |  7.4
Armour         | 1 4 5 |  5.6
Invocations    | 3 4 |  4.9
Dodging        | |  2.4

Action                   |  1- 3 |  4- 6 |  7- 9 | 10-12 || total
-------------------------+-------+-------+-------+-------++-------
Melee: Unarmed           |   150 |   162 |   258 |   339 ||   909
       Falchion          |       |       |     5 |       ||     5
Invok: Line Pass         |       |       |       |     1 ||     1
       Stomp             |       |       |       |     2 ||     2
  Use: Scroll            |       |    11 |     2 |     2 ||    15
 Stab: Paralysed         |       |       |     4 |    20 ||    24
       Sleeping          |       |       |       |     1 ||     1
  Eat: Chunk             |    17 |    17 |    22 |    14 ||    70
Armor: Robe              |    64 |    52 |    40 |    38 ||   194
Dodge: Dodged            |    59 |    38 |    58 |    75 ||   230
       Deflected         |       |       |       |     4 ||     4
Block: Shield            |    69 |    61 |    85 |   178 ||   393
